Checkers vs Eagles
(R2)
Created - April 18, 2021 at 19:20
Goals
|
Checkers |
0 |
1 |
2 |
0 |
2 |
4 |
Eagles |
2 |
0 |
1 |
0 |
1 |
3 |
|
Shots
|
Checkers |
11 |
10 |
9 |
1 |
5 |
31 |
Eagles |
17 |
6 |
6 |
4 |
5 |
33 |
|
1st period
1. Eagles , Vincent Trocheck 40 (Daniel Carr 57, Joel Edmundson 28) at 0:20
2. Eagles , Jonathan Marchessault 24 (Erik Condra 37, Joseph Blandisi 22) at 14:39
Penalties :
Michael Latta (Cha) for Boarding (Minor) at 14:46, Daniel Carr (Col) for Hooking (Minor) at 14:58
2nd period
3. Checkers , Roberts Lipsbergs 7 (Kyle Platzer 3, John Draeger 17) at 16:24
Penalties :
Erik Condra (Col) for Holding (Minor) at 0:52, Jarred Tinordi (Col) for Goalie Interference (Minor) at 9:48
3rd period
4. Eagles , Erik Condra 32 (Joseph Blandisi 23, Jonathan Marchessault 51) at 6:34
5. Checkers , Aleksander Barkov 32 (Tobias Rieder 49, Jonathan Huberdeau 37) at 17:47 (PP)
6. Checkers , Jonathan Huberdeau 25 (Tobias Rieder 50, Aaron Ekblad 53) at 19:54
Penalties :
Jarred Tinordi (Col) for Elbowing (Minor) at 0:28, Erik Condra (Col) for Hooking (Minor) at 3:46, Quinton Howden (Cha) for Holding (Minor) at 11:02, Jarred Tinordi (Col) for Hooking (Minor) at 13:16, Mark Mancari (Col) for Tripping (Minor) at 17:39
Overtime #1
No Goal
Penalties :
No Penalty
Shootout
Checkers, Aleksander Barkov - Shot Misses the Net
Eagles, Vincent Trocheck - Goal!
Checkers, Tobias Rieder - Stopped by Marek Mazanek
Eagles, Daniel Carr - Stopped by Igor Bobkov
Checkers, Jonathan Huberdeau - Goal!
Eagles, Mark Mancari - Stopped by Igor Bobkov
Checkers, Michael Latta - Stopped by Marek Mazanek
Eagles, Erik Condra - Stopped by Igor Bobkov
Checkers, Kerby Rychel - Goal!
Eagles, Jonathan Marchessault - Stopped by Igor Bobkov
Penalties :
No Penalty
Goalie Stats
Igor Bobkov (Cha), 30 saves from 33 shots - (0.909), W, 34-14-1, 63:59 minutes
Marek Mazanek (Col), 28 saves from 31 shots - (0.903), OTL, 18-21-3, 65:00 minutes
Players Stats for Checkers
Player Name G A P +/- PIM S H SB GA TA FO MP PP MP PK MP
------------------------------------------------------------------------------------
Aaron Ekblad 0 1 1 0 0 3 0 2 0 0 0/0 28:05 6:12 1:20
Aleksander Barkov 1 0 1 -2 0 2 4 1 0 1 18/30 25:09 5:08 0:20
Jake Virtanen 0 0 0 0 0 1 1 0 0 1 0/1 13:12 0:49 0:00
Jerry D'Amigo 0 0 0 0 0 2 1 0 0 0 0/0 16:26 4:37 0:12
John Draeger 0 1 1 1 0 1 2 0 0 0 0/0 10:42 0:00 0:00
Jonathan Huberdeau 1 1 2 -2 0 3 2 1 2 2 2/3 25:41 5:08 0:51
Kerby Rychel 0 0 0 0 0 1 3 0 0 0 1/2 16:14 4:37 0:00
Kyle Platzer 0 1 1 1 0 1 0 0 0 0 3/6 8:01 0:00 0:43
Markus Nutivaara 0 0 0 0 0 1 2 4 1 0 0/0 27:42 6:28 0:00
Matt Puempel 0 0 0 0 0 0 0 0 1 0 0/1 9:41 0:00 0:00
Michael Latta 0 0 0 0 2 5 0 2 0 1 10/18 19:17 4:23 0:56
Michael McCarron 0 0 0 1 0 2 1 0 0 0 0/0 8:05 0:18 0:00
Michal Jordan 0 0 0 -2 0 1 0 1 0 0 0/0 23:43 3:47 0:51
Niklas Hansson 0 0 0 1 0 1 0 3 0 1 0/0 14:22 0:16 1:20
Quinton Howden 0 0 0 0 2 2 0 0 0 0 5/9 10:23 0:16 0:12
Roberts Lipsbergs 1 0 1 1 0 2 0 0 0 0 0/0 9:59 0:30 0:12
Tobias Rieder 0 2 2 -2 0 3 0 0 1 1 0/0 23:52 4:59 0:56
William Colbert 0 0 0 -2 0 0 3 3 0 0 0/0 25:26 3:47 0:51
Players Stats for Eagles
Player Name G A P +/- PIM S H SB GA TA FO MP PP MP PK MP
------------------------------------------------------------------------------------
Anthony Duclair 0 0 0 0 0 1 0 1 1 0 0/1 11:49 0:00 0:00
Connor Carrick 0 0 0 1 0 0 0 1 0 0 0/0 15:57 0:00 6:06
Daniel Carr 0 1 1 0 2 3 1 0 2 0 0/1 23:14 1:12 5:13
Dmitrij Jaskin 0 0 0 -1 0 1 1 0 0 0 0/1 12:22 0:02 2:44
Drake Caggiula 0 0 0 0 0 2 0 0 1 0 1/8 12:29 0:00 0:26
Erik Condra 1 1 2 2 4 4 2 0 0 0 1/1 16:02 0:56 1:53
Jared McCann 0 0 0 -1 0 0 2 0 0 0 2/2 10:01 0:02 0:00
Jarred Tinordi 0 0 0 -1 6 0 1 0 0 1 0/0 16:35 0:38 1:38
Joel Edmundson 0 1 1 1 0 0 0 0 0 0 0/0 4:18 0:00 0:00
John Ramage 0 0 0 -1 0 2 0 0 1 0 0/0 20:15 0:38 4:16
Jonathan Marchessault 1 1 2 2 0 3 3 1 0 0 7/11 12:13 0:56 0:00
Joseph Blandisi 0 2 2 2 0 0 1 1 0 1 1/1 14:40 0:56 1:29
Mark Mancari 0 0 0 0 2 4 2 1 1 0 1/2 18:46 1:13 3:18
Nick Cousins 0 0 0 0 0 0 2 0 0 0 0/0 13:32 0:02 0:01
Ryan Murphy 0 0 0 1 0 2 0 3 0 0 0/0 23:14 0:58 0:22
Stefan Elliott 0 0 0 1 0 3 6 4 1 0 0/0 28:11 1:33 5:37
Thomas Chabot 0 0 0 0 0 1 0 0 0 1 0/0 13:24 0:35 2:31
Vincent Trocheck 1 0 1 0 0 3 2 0 0 1 14/36 24:08 1:13 5:26
Xavier Ouellet 0 0 0 0 0 1 0 0 0 1 0/0 8:29 0:00 0:00
Zach Aston-Reese 0 0 0 -1 0 3 0 0 0 0 4/6 8:12 0:00 0:00
3 Stars
1 - Jonathan Marchessault (Col)
2 - Joseph Blandisi (Col)
3 - Jonathan Huberdeau (Cha)
Power Play
Checkers - 1 on 7 Attempt(s) - 14.29%
Eagles - 0 on 2 Attempt(s) - 0.00%
Penalty Kill
Checkers - 2 on 2 Attempt(s) - 100.00%
- Score 0 goal in Penalty Kill
Eagles - 6 on 7 Attempt(s) - 85.71%
- Score 0 goal in Penalty Kill
Team Stat
Checkers - Hits : 19 - Faceoff Wins : 39 - Blocked Shots : 17 - Penalty Minutes : 4
Eagles - Hits : 23 - Faceoff Wins : 31 - Blocked Shots : 12 - Penalty Minutes : 14
Official
Referees : Unknown
Linesman : Unknown
Game Notes
Joel Edmundson is injured at 11:44 of 1st period (Broken Ribs)
Michal Jordan is injured at 2:04 of 1st overtime period (Bruised Left Arm)
Finance
Level 1 -- Attendance: 1931 (96.55%) -- Ticket Income $67,585
Level 2 -- Attendance: 858 (85.80%) -- Ticket Income $14,586
Total Attendance: 2789 (92.97%)
Total Ticket Income: $82,171
Other Income: $4,109
Total Income: $86,280
Checkers
5 vs 5 Forward
Center Left Wing Right Wing Time % Phy DF OF
1 Aleksander Barkov Jonathan Huberdeau Tobias Rieder 40 0 2 3
2 Michael Latta Kerby Rychel Jerry D'Amigo 30 0 2 3
3 Quinton Howden Matt Puempel Jake Virtanen 20 0 3 2
4 Kyle Platzer Roberts Lipsbergs Michael McCarron 10 1 2 2
5 vs 5 Defense
Defense Defense Time % Phy DF OF
1 Aaron Ekblad Markus Nutivaara 40 0 2 3
2 Michal Jordan William Colbert 30 0 2 3
3 Niklas Hansson John Draeger 20 1 2 2
4 Aaron Ekblad Markus Nutivaara 10 0 2 3
PowerPlay Forward
Center Left Wing Right Wing Time % Phy DF OF
1 Aleksander Barkov Jonathan Huberdeau Tobias Rieder 60 0 1 4
2 Michael Latta Kerby Rychel Jerry D'Amigo 40 0 1 4
PowerPlay Defense
Defense Defense Time % Phy DF OF
1 Aaron Ekblad Markus Nutivaara 60 0 2 3
2 Michal Jordan William Colbert 40 0 2 3
Penalty Kill 4 Players Forward
Center Wing Time % Phy DF OF
1 Michael Latta Tobias Rieder 60 1 3 1
2 Quinton Howden Jerry D'Amigo 40 1 3 1
Penalty Kill 4 Players Defense
Defense Defense Time % Phy DF OF
1 Aaron Ekblad Niklas Hansson 60 1 4 0
2 William Colbert Michal Jordan 40 1 4 0
Penalty Kill - 3 Players Forward
Forward Time % Phy DF OF
1 Michael Latta 60 1 3 1
2 Tobias Rieder 40 1 3 1
Penalty Kill - 3 Players Defense
Defense Defense Time % Phy DF OF
1 Aaron Ekblad Niklas Hansson 60 1 4 0
2 Michal Jordan William Colbert 40 1 4 0
4 vs 4 Forward
Center Wing Time % Phy DF OF
1 Aleksander Barkov Jonathan Huberdeau 60 0 2 3
2 Michael Latta Tobias Rieder 40 0 2 3
4 vs 4 Defense
Defense Defense Time % Phy DF OF
1 Aaron Ekblad Markus Nutivaara 60 0 2 3
2 Michal Jordan William Colbert 40 0 2 3
Last Minutes Offensive
Center Left Wing Right Wing Defense Defense
Aleksander Barkov Jonathan Huberdeau Tobias Rieder Aaron Ekblad Markus Nutivaara
Last Minutes Defensive
Center Left Wing Right Wing Defense Defense
Michael Latta Kerby Rychel Tobias Rieder Aaron Ekblad Niklas Hansson
Goaltenders
Starting : Igor Bobkov
Backup : Garret Sparks
Extra Forwards
Normal : Jake Virtanen, Jonathan Huberdeau, Aleksander Barkov - PP : Jake Virtanen, Jonathan Huberdeau - PK : Michael Latta
Extra Defensemen
Normal : Michal Jordan, Aaron Ekblad, Markus Nutivaara - PP : Aaron Ekblad - PK : John Draeger, Aaron Ekblad
Penalty Shots
Aleksander Barkov, Tobias Rieder, Jonathan Huberdeau, Michael Latta, Kerby Rychel
Scratches
Viktor Baldayev (Healthy), Juuso Ikonen (Healthy), Keaton Thompson (Healthy), Connor Honey (Healthy), Lukas Vejdemo (Healthy)
Dmytro Timashov (Healthy), Anton Zlobin (Healthy), Mitchell Heard (Torso Injury), Nelson Nogier (Healthy), Jake Walman (Healthy)
Marek Langhamer (Healthy)
Eagles
5 vs 5 Forward
Center Left Wing Right Wing Time % Phy DF OF
1 Vincent Trocheck Daniel Carr Mark Mancari 35 1 2 2
2 Jonathan Marchessault Joseph Blandisi Erik Condra 30 1 2 2
3 Drake Caggiula Anthony Duclair Nick Cousins 20 1 2 2
4 Zach Aston-Reese Jared McCann Dmitrij Jaskin 15 1 2 2
5 vs 5 Defense
Defense Defense Time % Phy DF OF
1 Stefan Elliott Joel Edmundson 35 1 2 2
2 Jarred Tinordi John Ramage 30 1 2 2
3 Ryan Murphy Connor Carrick 20 1 2 2
4 Thomas Chabot Xavier Ouellet 15 1 2 2
PowerPlay Forward
Center Left Wing Right Wing Time % Phy DF OF
1 Vincent Trocheck Daniel Carr Mark Mancari 60 1 2 2
2 Jonathan Marchessault Joseph Blandisi Erik Condra 40 1 2 2
PowerPlay Defense
Defense Defense Time % Phy DF OF
1 Stefan Elliott Joel Edmundson 60 1 2 2
2 Jarred Tinordi John Ramage 40 1 2 2
Penalty Kill 4 Players Forward
Center Wing Time % Phy DF OF
1 Vincent Trocheck Daniel Carr 60 1 2 2
2 Mark Mancari Erik Condra 40 1 2 2
Penalty Kill 4 Players Defense
Defense Defense Time % Phy DF OF
1 Stefan Elliott Joel Edmundson 60 1 2 2
2 Jarred Tinordi John Ramage 40 1 2 2
Penalty Kill - 3 Players Forward
Forward Time % Phy DF OF
1 Vincent Trocheck 60 1 2 2
2 Daniel Carr 40 1 2 2
Penalty Kill - 3 Players Defense
Defense Defense Time % Phy DF OF
1 Stefan Elliott Joel Edmundson 60 1 2 2
2 Jarred Tinordi John Ramage 40 1 2 2
4 vs 4 Forward
Center Wing Time % Phy DF OF
1 Vincent Trocheck Daniel Carr 60 1 2 2
2 Mark Mancari Erik Condra 40 1 2 2
4 vs 4 Defense
Defense Defense Time % Phy DF OF
1 Stefan Elliott Joel Edmundson 60 1 2 2
2 Jarred Tinordi John Ramage 40 1 2 2
Last Minutes Offensive
Center Left Wing Right Wing Defense Defense
Vincent Trocheck Daniel Carr Mark Mancari Stefan Elliott Joel Edmundson
Last Minutes Defensive
Center Left Wing Right Wing Defense Defense
Vincent Trocheck Daniel Carr Mark Mancari Stefan Elliott Joel Edmundson
Goaltenders
Starting : Marek Mazanek
Backup : Darcy Kuemper
Extra Forwards
Normal : Jared McCann, Nick Cousins, Dmitrij Jaskin - PP : Jared McCann, Nick Cousins - PK : Dmitrij Jaskin
Extra Defensemen
Normal : Ryan Murphy, Connor Carrick, Thomas Chabot - PP : Ryan Murphy - PK : Connor Carrick, Thomas Chabot
Penalty Shots
Vincent Trocheck, Daniel Carr, Mark Mancari, Erik Condra, Jonathan Marchessault
Scratches
Dominik Kubalik (Healthy), Josh Archibald (Healthy), Jonathan Racine (Healthy), Tyler Motte (Healthy), Chris Calhan (Healthy)
Mark Friedman (Healthy), Michael Dal Colle (Healthy), Matteson Iacopelli (Healthy), Adin Hill (Healthy), Antoine Bibeau (Healthy)
% Time on Ice - Checkers
Lines # - Real PCT - Wanted PCT - Time Play
Normal Forward
1 - 36% - 40% - 16:18
2 - 26% - 30% - 11:37
3 - 22% - 20% - 9:41
4 - 16% - 10% - 7:18
Normal Defense
1 - 37% - 40% - 16:34
2 - 37% - 30% - 16:42
3 - 24% - 20% - 10:42
4 - 2% - 10% - 0:56
PP Forward
1 - 55% - 60% - 5:38
2 - 45% - 40% - 4:37
PP Defense
1 - 63% - 60% - 6:28
2 - 37% - 40% - 3:47
PK Forward
1 - 91% - 60% - 1:59
2 - 9% - 40% - 0:12
PK Defense
1 - 61% - 60% - 1:20
2 - 39% - 40% - 0:51
PK3 Forward
1 - 0% - 60%
2 - 0% - 40%
PK3 Defense
1 - 0% - 60%
2 - 0% - 40%
44 Forward
1 - 72% - 60% - 4:53
2 - 28% - 40% - 1:54
44 Defense
1 - 46% - 60% - 3:08
2 - 54% - 40% - 3:39
Last Minute Offensive - 0:53
Last Minute Defensive - 0:00
Total
Forward - 65:00
Defense - 65:00
|
% Time on Ice - Eagles
Lines # - Real PCT - Wanted PCT - Time Play
Normal Forward
1 - 30% - 35% - 13:29
2 - 25% - 30% - 11:23
3 - 26% - 20% - 11:49
4 - 18% - 15% - 8:12
Normal Defense
1 - 34% - 35% - 15:23
2 - 30% - 30% - 13:40
3 - 16% - 20% - 7:21
4 - 19% - 15% - 8:29
PP Forward
1 - 57% - 60% - 1:15
2 - 43% - 40% - 0:56
PP Defense
1 - 71% - 60% - 1:33
2 - 29% - 40% - 0:38
PK Forward
1 - 68% - 60% - 6:57
2 - 32% - 40% - 3:18
PK Defense
1 - 58% - 60% - 5:59
2 - 42% - 40% - 4:16
PK3 Forward
1 - 0% - 60%
2 - 0% - 40%
PK3 Defense
1 - 0% - 60%
2 - 0% - 40%
44 Forward
1 - 78% - 60% - 5:18
2 - 22% - 40% - 1:29
44 Defense
1 - 75% - 60% - 5:06
2 - 25% - 40% - 1:41
Last Minute Offensive - 0:00
Last Minute Defensive - 0:54
Total
Forward - 65:00
Defense - 65:00
|
Play-by-Play
1st period
0:01 of 1st period - Aleksander Barkov wins face-off versus Vincent Trocheck in neutral zone.
0:04 of 1st period - Snap shot by Tobias Rieder.
0:04 of 1st period - Stopped by Marek Mazanek without a rebound.
0:05 of 1st period - Aleksander Barkov wins face-off versus Vincent Trocheck in Eagles zone.
0:20 of 1st period - Slapshot by Vincent Trocheck.
0:20 of 1st period - Goal by Vincent Trocheck - Checkers : 0 - Eagles : 1.
0:21 of 1st period - Jonathan Marchessault wins face-off versus Michael Latta in neutral zone.
0:51 of 1st period - Wrist shot by Anthony Duclair.
0:51 of 1st period - Shot Misses the Net.
0:53 of 1st period - Backhand shot by Ryan Murphy.
0:53 of 1st period - Stopped by Igor Bobkov with a rebound.
0:55 of 1st period - Slapshot by Ryan Murphy.
0:55 of 1st period - Shot Misses the Net.
1:43 of 1st period - Icing by Ryan Murphy.
1:44 of 1st period - Jonathan Marchessault wins face-off versus Kerby Rychel in Eagles zone.
1:53 of 1st period - Wrist shot by Erik Condra.
1:53 of 1st period - Stopped by Igor Bobkov with a rebound.
1:55 of 1st period - Slapshot by Erik Condra.
1:55 of 1st period - Stopped by Igor Bobkov without a rebound.
1:56 of 1st period - Jonathan Huberdeau wins face-off versus Drake Caggiula in Checkers zone.
2:45 of 1st period - Joel Edmundson is hit by Kerby Rychel and loses puck.
3:10 of 1st period - Wrist shot by Roberts Lipsbergs.
3:10 of 1st period - Stopped by Marek Mazanek with a rebound.
3:12 of 1st period - Slapshot by Niklas Hansson.
3:12 of 1st period - Stopped by Marek Mazanek with a rebound.
3:32 of 1st period - Wrist shot by Jonathan Huberdeau.
3:32 of 1st period - Deflect By Tobias Rieder.
3:32 of 1st period - Stopped by Marek Mazanek with a rebound.
3:48 of 1st period - Slapshot by Vincent Trocheck.
3:48 of 1st period - Shot Blocked by Aaron Ekblad.
3:50 of 1st period - Snap shot by Daniel Carr.
3:50 of 1st period - Shot Blocked by Markus Nutivaara.
3:52 of 1st period - Snap shot by John Ramage.
3:52 of 1st period - Stopped by Igor Bobkov with a rebound.
3:54 of 1st period - Slapshot by John Ramage.
3:54 of 1st period - Stopped by Igor Bobkov with a rebound.
4:14 of 1st period - Wrist shot by Erik Condra.
4:14 of 1st period - Shot Misses the Net.
4:24 of 1st period - Jerry D'Amigo is hit by Nick Cousins and loses puck.
5:37 of 1st period - William Colbert is hit by Jared McCann and loses puck.
5:44 of 1st period - Snap shot by Dmitrij Jaskin.
5:44 of 1st period - Stopped by Igor Bobkov without a rebound.
5:45 of 1st period - Vincent Trocheck wins face-off versus Quinton Howden in Checkers zone.
5:46 of 1st period - Slapshot by Daniel Carr.
5:46 of 1st period - Shot Blocked by Niklas Hansson.
5:50 of 1st period - Wrist shot by Mark Mancari.
5:50 of 1st period - Shot Blocked by Niklas Hansson.
5:52 of 1st period - Slapshot by Xavier Ouellet.
5:52 of 1st period - Stopped by Igor Bobkov with a rebound.
5:54 of 1st period - Slapshot by Thomas Chabot.
5:54 of 1st period - Deflect By Daniel Carr.
5:54 of 1st period - Stopped by Igor Bobkov with a rebound.
5:58 of 1st period - Wrist shot by Vincent Trocheck.
5:58 of 1st period - Shot Misses the Net.
6:14 of 1st period - Wrist shot by Nick Cousins.
6:14 of 1st period - Shot Misses the Net.
6:16 of 1st period - Snap shot by Drake Caggiula.
6:16 of 1st period - Stopped by Igor Bobkov with a rebound.
6:18 of 1st period - Wrist shot by Drake Caggiula.
6:18 of 1st period - Stopped by Igor Bobkov without a rebound.
6:19 of 1st period - Joseph Blandisi wins face-off versus Jonathan Huberdeau in Checkers zone.
6:30 of 1st period - Snap shot by Jonathan Marchessault.
6:30 of 1st period - Shot Blocked by Aleksander Barkov.
7:29 of 1st period - Snap shot by Zach Aston-Reese.
7:29 of 1st period - Stopped by Igor Bobkov without a rebound.
7:30 of 1st period - Zach Aston-Reese wins face-off versus Kyle Platzer in Checkers zone.
7:43 of 1st period - Backhand shot by Dmitrij Jaskin.
7:43 of 1st period - Deflect By Zach Aston-Reese.
7:43 of 1st period - Stopped by Igor Bobkov without a rebound.
7:44 of 1st period - Vincent Trocheck wins face-off versus Aleksander Barkov in Checkers zone.
7:51 of 1st period - Markus Nutivaara is hit by Jarred Tinordi and loses puck.
9:40 of 1st period - Slapshot by Jonathan Marchessault.
9:40 of 1st period - Shot Misses the Net.
9:48 of 1st period - Snap shot by Jerry D'Amigo.
9:48 of 1st period - Stopped by Marek Mazanek without a rebound.
9:49 of 1st period - Aleksander Barkov wins face-off versus Jonathan Marchessault in Eagles zone.
10:00 of 1st period - Snap shot by Aleksander Barkov.
10:00 of 1st period - Shot Misses the Net.
10:02 of 1st period - Slapshot by Aaron Ekblad.
10:02 of 1st period - Deflect By Tobias Rieder.
10:02 of 1st period - Stopped by Marek Mazanek without a rebound.
10:03 of 1st period - Kerby Rychel wins face-off versus Vincent Trocheck in Eagles zone.
10:04 of 1st period - Snap shot by Michael Latta.
10:04 of 1st period - Shot Misses the Net.
10:18 of 1st period - Snap shot by Michael Latta.
10:18 of 1st period - Shot Misses the Net.
10:28 of 1st period - Markus Nutivaara is hit by Jonathan Marchessault and loses puck.
10:39 of 1st period - Joseph Blandisi is hit by Aleksander Barkov and loses puck.
10:51 of 1st period - Off-side.
10:52 of 1st period - Kyle Platzer wins face-off versus Drake Caggiula in neutral zone.
11:43 of 1st period - Joel Edmundson is hit by Jonathan Huberdeau and loses puck.
11:44 of 1st period - Joel Edmundson from Eagles is injured at 11:44 of 1st period (Broken Ribs).
11:45 of 1st period - Aleksander Barkov wins face-off versus Vincent Trocheck in Eagles zone.
12:19 of 1st period - Wrist shot by Michael Latta.
12:19 of 1st period - Stopped by Marek Mazanek without a rebound.
12:20 of 1st period - Vincent Trocheck wins face-off versus Michael Latta in Eagles zone.
12:20 of 1st period - Vincent Trocheck is hit by Kerby Rychel.
12:50 of 1st period - Icing by Joseph Blandisi.
12:51 of 1st period - Jonathan Marchessault wins face-off versus Aleksander Barkov in Eagles zone.
13:51 of 1st period - Snap shot by Jonathan Huberdeau.
13:51 of 1st period - Shot Misses the Net.
14:05 of 1st period - Wrist shot by Jonathan Marchessault.
14:05 of 1st period - Shot Misses the Net.
14:07 of 1st period - Snap shot by Erik Condra.
14:07 of 1st period - Shot Misses the Net.
14:37 of 1st period - Wrist shot by Erik Condra.
14:37 of 1st period - Stopped by Igor Bobkov with a rebound.
14:39 of 1st period - Snap shot by Jonathan Marchessault.
14:39 of 1st period - Goal by Jonathan Marchessault - Checkers : 0 - Eagles : 2.
14:40 of 1st period - Michael Latta wins face-off versus Vincent Trocheck in neutral zone.
14:43 of 1st period - Wrist shot by Kerby Rychel.
14:43 of 1st period - Stopped by Marek Mazanek without a rebound.
14:44 of 1st period - Michael Latta wins face-off versus Vincent Trocheck in Eagles zone.
14:46 of 1st period - Minor Penalty to Michael Latta for Boarding.
14:47 of 1st period - Quinton Howden wins face-off versus Vincent Trocheck in Checkers zone.
14:47 of 1st period - Quinton Howden is hit by Stefan Elliott.
14:58 of 1st period - Minor Penalty to Daniel Carr for Hooking.
14:59 of 1st period - Jared McCann wins face-off versus Aleksander Barkov in Eagles zone.
15:44 of 1st period - Slapshot by Jake Virtanen.
15:44 of 1st period - Shot Blocked by Ryan Murphy.
16:22 of 1st period - Snap shot by Joseph Blandisi.
16:22 of 1st period - Shot Misses the Net.
16:24 of 1st period - Slapshot by Stefan Elliott.
16:24 of 1st period - Stopped by Igor Bobkov without a rebound.
16:25 of 1st period - Vincent Trocheck wins face-off versus Aleksander Barkov in Checkers zone.
16:40 of 1st period - Snap shot by Aaron Ekblad.
16:40 of 1st period - Deflect By Jake Virtanen.
16:40 of 1st period - Stopped by Marek Mazanek without a rebound.
16:41 of 1st period - Vincent Trocheck wins face-off versus Jake Virtanen in Eagles zone.
16:41 of 1st period - Vincent Trocheck is hit by Jake Virtanen.
16:46 of 1st period - Penalty to Michael Latta is over, Michael Latta is back on ice.
16:51 of 1st period - Backhand shot by Markus Nutivaara.
16:51 of 1st period - Shot Misses the Net.
16:58 of 1st period - Penalty to Daniel Carr is over, Daniel Carr is back on ice.
17:28 of 1st period - Wrist shot by Markus Nutivaara.
17:28 of 1st period - Shot Misses the Net.
17:32 of 1st period - Slapshot by Markus Nutivaara.
17:32 of 1st period - Shot Misses the Net.
17:34 of 1st period - Slapshot by Aaron Ekblad.
17:34 of 1st period - Stopped by Marek Mazanek with a rebound.
17:36 of 1st period - Snap shot by Jake Virtanen.
17:36 of 1st period - Deflect By Michael Latta.
17:36 of 1st period - Shot Blocked by Joseph Blandisi.
17:36 of 1st period - Puck is out of play.
17:37 of 1st period - Drake Caggiula wins face-off versus Aleksander Barkov in Eagles zone.
17:47 of 1st period - Icing by Niklas Hansson.
17:48 of 1st period - Aleksander Barkov wins face-off versus Drake Caggiula in Checkers zone.
18:13 of 1st period - Aleksander Barkov is hit by Stefan Elliott.
18:25 of 1st period - Snap shot by Jonathan Huberdeau.
18:25 of 1st period - Shot Blocked by Stefan Elliott.
18:53 of 1st period - Slapshot by Daniel Carr.
18:53 of 1st period - Stopped by Igor Bobkov without a rebound.
18:54 of 1st period - Michael Latta wins face-off versus Zach Aston-Reese in Checkers zone.
18:54 of 1st period - Michael Latta is hit by Dmitrij Jaskin.
19:00 of 1st period - Snap shot by Jerry D'Amigo.
19:00 of 1st period - Stopped by Marek Mazanek with a rebound.
19:25 of 1st period - Wrist shot by Quinton Howden.
19:25 of 1st period - Deflect By John Ramage.
19:25 of 1st period - Shot Misses the Net.
19:25 of 1st period - Puck is out of play.
19:26 of 1st period - Quinton Howden wins face-off versus Drake Caggiula in Eagles zone.
19:34 of 1st period - Off-side.
19:35 of 1st period - Michael Latta wins face-off versus Drake Caggiula in neutral zone.
Goals for this period are 0 for Checkers vs 2 for Eagles.
Shots for this period are 11 for Checkers vs 17 for Eagles.
2nd period
0:01 of 2nd period - Michael Latta wins face-off versus Vincent Trocheck in neutral zone.
0:35 of 2nd period - Slapshot by Dmitrij Jaskin.
0:35 of 2nd period - Shot Blocked by Niklas Hansson.
0:47 of 2nd period - Slapshot by Michal Jordan.
0:47 of 2nd period - Stopped by Marek Mazanek with a rebound.
0:52 of 2nd period - Minor Penalty to Erik Condra for Holding.
0:53 of 2nd period - Aleksander Barkov wins face-off versus Vincent Trocheck in Eagles zone.
1:56 of 2nd period - Daniel Carr is hit by Aleksander Barkov and loses puck.
2:52 of 2nd period - Penalty to Erik Condra is over, Erik Condra is back on ice.
3:35 of 2nd period - John Draeger is hit by Nick Cousins.
4:52 of 2nd period - Markus Nutivaara is hit by Stefan Elliott.
5:02 of 2nd period - Wrist shot by Aaron Ekblad.
5:02 of 2nd period - Stopped by Marek Mazanek without a rebound.
5:03 of 2nd period - Vincent Trocheck wins face-off versus Michael Latta in Eagles zone.
5:03 of 2nd period - Vincent Trocheck is hit by Kerby Rychel.
5:16 of 2nd period - Icing by William Colbert.
5:17 of 2nd period - Jonathan Marchessault wins face-off versus Michael Latta in Checkers zone.
5:22 of 2nd period - Snap shot by Joseph Blandisi.
5:22 of 2nd period - Shot Blocked by Michael Latta.
6:51 of 2nd period - Slapshot by Markus Nutivaara.
6:51 of 2nd period - Stopped by Marek Mazanek with a rebound.
7:11 of 2nd period - Wrist shot by Nick Cousins.
7:11 of 2nd period - Shot Misses the Net.
7:13 of 2nd period - Wrist shot by Thomas Chabot.
7:13 of 2nd period - Shot Blocked by Markus Nutivaara.
7:57 of 2nd period - Wrist shot by Mark Mancari.
7:57 of 2nd period - Stopped by Igor Bobkov without a rebound.
7:58 of 2nd period - Aleksander Barkov wins face-off versus Vincent Trocheck in Checkers zone.
7:58 of 2nd period - Aleksander Barkov is hit by Vincent Trocheck.
8:43 of 2nd period - Snap shot by Vincent Trocheck.
8:43 of 2nd period - Shot Blocked by Michal Jordan.
8:45 of 2nd period - Slapshot by Vincent Trocheck.
8:45 of 2nd period - Shot Misses the Net.
8:49 of 2nd period - Snap shot by Stefan Elliott.
8:49 of 2nd period - Shot Blocked by Jonathan Huberdeau.
8:51 of 2nd period - Wrist shot by Daniel Carr.
8:51 of 2nd period - Shot Blocked by William Colbert.
9:00 of 2nd period - Off-side.
9:01 of 2nd period - Jonathan Marchessault wins face-off versus Michael Latta in neutral zone.
9:30 of 2nd period - Snap shot by Roberts Lipsbergs.
9:30 of 2nd period - Deflect By Michael McCarron.
9:30 of 2nd period - Shot Blocked by Jonathan Marchessault.
9:30 of 2nd period - Puck is out of play.
9:31 of 2nd period - Kyle Platzer wins face-off versus Drake Caggiula in Eagles zone.
9:42 of 2nd period - Wrist shot by Kyle Platzer.
9:42 of 2nd period - Stopped by Marek Mazanek without a rebound.
9:43 of 2nd period - Michael Latta wins face-off versus Jonathan Marchessault in Eagles zone.
9:46 of 2nd period - Snap shot by Michael Latta.
9:46 of 2nd period - Stopped by Marek Mazanek with a rebound.
9:48 of 2nd period - Minor Penalty to Jarred Tinordi for Goalie Interference.
9:49 of 2nd period - Vincent Trocheck wins face-off versus Aleksander Barkov in Eagles zone.
9:49 of 2nd period - Vincent Trocheck is hit by Aleksander Barkov.
10:05 of 2nd period - Slapshot by Markus Nutivaara.
10:05 of 2nd period - Shot Misses the Net.
11:48 of 2nd period - Penalty to Jarred Tinordi is over, Jarred Tinordi is back on ice.
11:50 of 2nd period - Jarred Tinordi is hit by Michael McCarron and loses puck.
11:58 of 2nd period - Icing by John Ramage.
11:59 of 2nd period - Quinton Howden wins face-off versus Anthony Duclair in Eagles zone.
13:58 of 2nd period - Icing by Tobias Rieder.
13:59 of 2nd period - Aleksander Barkov wins face-off versus Dmitrij Jaskin in Checkers zone.
14:08 of 2nd period - Wrist shot by Jonathan Huberdeau.
14:08 of 2nd period - Shot Misses the Net.
14:26 of 2nd period - Snap shot by Michael Latta.
14:26 of 2nd period - Stopped by Marek Mazanek with a rebound.
14:28 of 2nd period - Backhand shot by Jerry D'Amigo.
14:28 of 2nd period - Shot Blocked by Ryan Murphy.
14:30 of 2nd period - Snap shot by Markus Nutivaara.
14:30 of 2nd period - Shot Blocked by Mark Mancari.
14:32 of 2nd period - Slapshot by Aaron Ekblad.
14:32 of 2nd period - Stopped by Marek Mazanek with a rebound.
14:34 of 2nd period - Snap shot by Jerry D'Amigo.
14:34 of 2nd period - Shot Hit the Post.
14:57 of 2nd period - Michal Jordan is hit by Jonathan Marchessault and loses puck.
15:19 of 2nd period - Snap shot by Erik Condra.
15:19 of 2nd period - Shot Misses the Net.
15:59 of 2nd period - Wrist shot by Vincent Trocheck.
15:59 of 2nd period - Stopped by Igor Bobkov with a rebound.
16:01 of 2nd period - Snap shot by Vincent Trocheck.
16:01 of 2nd period - Shot Blocked by Michael Latta.
16:03 of 2nd period - Wrist shot by Daniel Carr.
16:03 of 2nd period - Stopped by Igor Bobkov with a rebound.
16:24 of 2nd period - Backhand shot by Roberts Lipsbergs.
16:24 of 2nd period - Goal by Roberts Lipsbergs - Checkers : 1 - Eagles : 2.
16:25 of 2nd period - Aleksander Barkov wins face-off versus Vincent Trocheck in neutral zone.
16:50 of 2nd period - Connor Carrick is hit by Markus Nutivaara and loses puck.
16:57 of 2nd period - Snap shot by Michael Latta.
16:57 of 2nd period - Stopped by Marek Mazanek without a rebound.
16:58 of 2nd period - Michael Latta wins face-off versus Vincent Trocheck in Eagles zone.
17:37 of 2nd period - Nick Cousins is hit by William Colbert and loses puck.
17:48 of 2nd period - Slapshot by Stefan Elliott.
17:48 of 2nd period - Shot Misses the Net.
17:50 of 2nd period - Snap shot by Erik Condra.
17:50 of 2nd period - Shot Misses the Net.
17:52 of 2nd period - Snap shot by Stefan Elliott.
17:52 of 2nd period - Stopped by Igor Bobkov with a rebound.
17:54 of 2nd period - Snap shot by Jonathan Marchessault.
17:54 of 2nd period - Shot Blocked by Markus Nutivaara.
17:56 of 2nd period - Snap shot by Jonathan Marchessault.
17:56 of 2nd period - Stopped by Igor Bobkov with a rebound.
17:58 of 2nd period - Slapshot by Stefan Elliott.
17:58 of 2nd period - Shot Misses the Net.
18:17 of 2nd period - Snap shot by Zach Aston-Reese.
18:17 of 2nd period - Stopped by Igor Bobkov with a rebound.
18:39 of 2nd period - Snap shot by Kerby Rychel.
18:39 of 2nd period - Shot Misses the Net.
18:41 of 2nd period - Snap shot by Jerry D'Amigo.
18:41 of 2nd period - Shot Misses the Net.
18:50 of 2nd period - Ryan Murphy is hit by Aleksander Barkov and loses puck.
18:55 of 2nd period - Connor Carrick is hit by John Draeger and loses puck.
19:10 of 2nd period - Snap shot by Quinton Howden.
19:10 of 2nd period - Shot Blocked by Anthony Duclair.
19:12 of 2nd period - Slapshot by Matt Puempel.
19:12 of 2nd period - Shot Misses the Net.
19:34 of 2nd period - Wrist shot by Michael Latta.
19:34 of 2nd period - Shot Misses the Net.
19:36 of 2nd period - Slapshot by John Draeger.
19:36 of 2nd period - Stopped by Marek Mazanek with a rebound.
Goals for this period are 1 for Checkers vs 0 for Eagles.
Shots for this period are 10 for Checkers vs 6 for Eagles.
3rd period
0:01 of 3rd period - Aleksander Barkov wins face-off versus Daniel Carr in neutral zone.
0:28 of 3rd period - Minor Penalty to Jarred Tinordi for Elbowing.
0:29 of 3rd period - Aleksander Barkov wins face-off versus Vincent Trocheck in Eagles zone.
1:52 of 3rd period - Icing by William Colbert.
1:53 of 3rd period - Michael Latta wins face-off versus Mark Mancari in Checkers zone.
2:15 of 3rd period - Daniel Carr is hit by Jonathan Huberdeau and loses puck.
2:28 of 3rd period - Penalty to Jarred Tinordi is over, Jarred Tinordi is back on ice.
2:44 of 3rd period - Wrist shot by Michael McCarron.
2:44 of 3rd period - Stopped by Marek Mazanek without a rebound.
2:45 of 3rd period - Kyle Platzer wins face-off versus Jonathan Marchessault in Eagles zone.
2:46 of 3rd period - Slapshot by Michael McCarron.
2:46 of 3rd period - Stopped by Marek Mazanek without a rebound.
2:47 of 3rd period - Jonathan Marchessault wins face-off versus Kyle Platzer in Eagles zone.
3:01 of 3rd period - Icing by Michael McCarron.
3:02 of 3rd period - Jared McCann wins face-off versus Kyle Platzer in Checkers zone.
3:33 of 3rd period - Off-side.
3:34 of 3rd period - Jonathan Marchessault wins face-off versus Aleksander Barkov in neutral zone.
3:46 of 3rd period - Minor Penalty to Erik Condra for Hooking.
3:47 of 3rd period - Aleksander Barkov wins face-off versus Vincent Trocheck in Eagles zone.
3:48 of 3rd period - Snap shot by Tobias Rieder.
3:48 of 3rd period - Shot Misses the Net.
4:42 of 3rd period - Icing by William Colbert.
4:43 of 3rd period - Vincent Trocheck wins face-off versus Aleksander Barkov in Checkers zone.
5:28 of 3rd period - Wrist shot by Mark Mancari.
5:28 of 3rd period - Stopped by Igor Bobkov with a rebound.
5:46 of 3rd period - Penalty to Erik Condra is over, Erik Condra is back on ice.
6:22 of 3rd period - Snap shot by Jonathan Marchessault.
6:22 of 3rd period - Stopped by Igor Bobkov without a rebound.
6:23 of 3rd period - Aleksander Barkov wins face-off versus Jonathan Marchessault in Checkers zone.
6:34 of 3rd period - Snap shot by Erik Condra.
6:34 of 3rd period - Goal by Erik Condra - Checkers : 1 - Eagles : 3.
6:35 of 3rd period - Aleksander Barkov wins face-off versus Vincent Trocheck in neutral zone.
7:00 of 3rd period - Aaron Ekblad is hit by Joseph Blandisi and loses puck.
7:29 of 3rd period - Jared McCann is hit by William Colbert.
8:27 of 3rd period - Off-side.
8:28 of 3rd period - Vincent Trocheck wins face-off versus Michael Latta in neutral zone.
8:31 of 3rd period - Slapshot by Thomas Chabot.
8:31 of 3rd period - Stopped by Igor Bobkov without a rebound.
8:32 of 3rd period - Michael Latta wins face-off versus Vincent Trocheck in Checkers zone.
8:32 of 3rd period - Michael Latta is hit by Mark Mancari.
8:38 of 3rd period - Slapshot by Vincent Trocheck.
8:38 of 3rd period - Stopped by Igor Bobkov without a rebound.
8:39 of 3rd period - Michael Latta wins face-off versus Vincent Trocheck in Checkers zone.
8:39 of 3rd period - Michael Latta is hit by Vincent Trocheck.
9:06 of 3rd period - Kerby Rychel is hit by Jared McCann and loses puck.
9:33 of 3rd period - Jonathan Huberdeau is hit by Erik Condra and loses puck.
9:53 of 3rd period - Icing by Xavier Ouellet.
9:54 of 3rd period - Quinton Howden wins face-off versus Drake Caggiula in Eagles zone.
10:03 of 3rd period - Snap shot by Nick Cousins.
10:03 of 3rd period - Shot Misses the Net.
10:05 of 3rd period - Snap shot by Anthony Duclair.
10:05 of 3rd period - Shot Misses the Net.
10:17 of 3rd period - Snap shot by Anthony Duclair.
10:17 of 3rd period - Shot Blocked by William Colbert.
10:53 of 3rd period - Snap shot by Anthony Duclair.
10:53 of 3rd period - Shot Blocked by William Colbert.
10:55 of 3rd period - Slapshot by Nick Cousins.
10:55 of 3rd period - Shot Misses the Net.
10:57 of 3rd period - Snap shot by Anthony Duclair.
10:57 of 3rd period - Stopped by Igor Bobkov with a rebound.
11:02 of 3rd period - Minor Penalty to Quinton Howden for Holding.
11:03 of 3rd period - Vincent Trocheck wins face-off versus Michael Latta in Checkers zone.
11:35 of 3rd period - Michael Latta is hit by Erik Condra and loses puck.
12:12 of 3rd period - Vincent Trocheck is hit by William Colbert and loses puck.
12:32 of 3rd period - William Colbert is hit by Jonathan Marchessault and loses puck.
13:02 of 3rd period - Penalty to Quinton Howden is over, Quinton Howden is back on ice.
13:03 of 3rd period - Wrist shot by Nick Cousins.
13:03 of 3rd period - Shot Blocked by Aaron Ekblad.
13:11 of 3rd period - Slapshot by Quinton Howden.
13:11 of 3rd period - Stopped by Marek Mazanek with a rebound.
13:16 of 3rd period - Minor Penalty to Jarred Tinordi for Hooking.
13:17 of 3rd period - Vincent Trocheck wins face-off versus Aleksander Barkov in Eagles zone.
15:02 of 3rd period - Icing by Markus Nutivaara.
15:03 of 3rd period - Mark Mancari wins face-off versus Quinton Howden in Checkers zone.
15:16 of 3rd period - Penalty to Jarred Tinordi is over, Jarred Tinordi is back on ice.
16:03 of 3rd period - William Colbert is hit by Stefan Elliott and loses puck.
16:38 of 3rd period - Nick Cousins is hit by John Draeger and loses puck.
17:05 of 3rd period - Icing by Connor Carrick.
17:06 of 3rd period - Aleksander Barkov wins face-off versus Zach Aston-Reese in Eagles zone.
17:13 of 3rd period - Wrist shot by Aleksander Barkov.
17:13 of 3rd period - Stopped by Marek Mazanek with a rebound.
17:15 of 3rd period - Slapshot by William Colbert.
17:15 of 3rd period - Shot Blocked by Connor Carrick.
17:19 of 3rd period - Snap shot by Jonathan Huberdeau.
17:19 of 3rd period - Stopped by Marek Mazanek without a rebound.
17:20 of 3rd period - Quinton Howden wins face-off versus Vincent Trocheck in Eagles zone.
17:20 of 3rd period - Markus Nutivaara is hit by Mark Mancari and loses puck.
17:37 of 3rd period - Matt Puempel is hit by Daniel Carr and loses puck.
17:39 of 3rd period - Minor Penalty to Mark Mancari for Tripping.
17:40 of 3rd period - Aleksander Barkov wins face-off versus Vincent Trocheck in Eagles zone.
17:45 of 3rd period - Wrist shot by Tobias Rieder.
17:45 of 3rd period - Shot Misses the Net.
17:47 of 3rd period - Wrist shot by Aleksander Barkov.
17:47 of 3rd period - Goal by Aleksander Barkov - Checkers : 2 - Eagles : 3.
17:48 of 3rd period - Zach Aston-Reese wins face-off versus Quinton Howden in neutral zone.
17:56 of 3rd period - Snap shot by Markus Nutivaara.
17:56 of 3rd period - Shot Blocked by Stefan Elliott.
17:58 of 3rd period - Wrist shot by Quinton Howden.
17:58 of 3rd period - Stopped by Marek Mazanek without a rebound.
17:59 of 3rd period - Zach Aston-Reese wins face-off versus Quinton Howden in Eagles zone.
18:13 of 3rd period - Snap shot by Quinton Howden.
18:13 of 3rd period - Shot Blocked by Stefan Elliott.
18:15 of 3rd period - Backhand shot by Jake Virtanen.
18:15 of 3rd period - Shot Blocked by Stefan Elliott.
18:25 of 3rd period - Dmitrij Jaskin is hit by Jerry D'Amigo and loses puck.
18:53 of 3rd period - Checkers, Igor Bobkov is pulled from the net.
19:26 of 3rd period - Wrist shot by Aleksander Barkov.
19:26 of 3rd period - Shot Misses the Net.
19:28 of 3rd period - Wrist shot by Jonathan Huberdeau.
19:28 of 3rd period - Stopped by Marek Mazanek without a rebound.
19:29 of 3rd period - Glen Gulutzan call a timeout for Checkers.
19:29 of 3rd period - Aleksander Barkov wins face-off versus Vincent Trocheck in Eagles zone.
19:50 of 3rd period - Snap shot by Markus Nutivaara.
19:50 of 3rd period - Shot Blocked by Ryan Murphy.
19:52 of 3rd period - Slapshot by Aaron Ekblad.
19:52 of 3rd period - Shot Misses the Net.
19:54 of 3rd period - Wrist shot by Tobias Rieder.
19:54 of 3rd period - Deflect By Jonathan Huberdeau.
19:54 of 3rd period - Goal by Jonathan Huberdeau - Checkers : 3 - Eagles : 3.
19:54 of 3rd period - Igor Bobkov from Checkers was sent back in the game.
19:55 of 3rd period - Zach Aston-Reese wins face-off versus Matt Puempel in neutral zone.
Goals for this period are 2 for Checkers vs 1 for Eagles.
Shots for this period are 9 for Checkers vs 6 for Eagles.
Overtime #1
0:01 of 1st overtime period - Jonathan Huberdeau wins face-off versus Vincent Trocheck in neutral zone.
0:12 of 1st overtime period - Slapshot by Ryan Murphy.
0:12 of 1st overtime period - Shot Blocked by Markus Nutivaara.
0:47 of 1st overtime period - Slapshot by Stefan Elliott.
0:47 of 1st overtime period - Shot Misses the Net.
0:49 of 1st overtime period - Snap shot by Ryan Murphy.
0:49 of 1st overtime period - Stopped by Igor Bobkov with a rebound.
0:51 of 1st overtime period - Slapshot by Stefan Elliott.
0:51 of 1st overtime period - Deflect By Michal Jordan.
0:51 of 1st overtime period - Stopped by Igor Bobkov without a rebound.
0:52 of 1st overtime period - Aleksander Barkov wins face-off versus Vincent Trocheck in Checkers zone.
1:20 of 1st overtime period - Wrist shot by Erik Condra.
1:20 of 1st overtime period - Deflect By Mark Mancari.
1:20 of 1st overtime period - Stopped by Igor Bobkov without a rebound.
1:21 of 1st overtime period - Vincent Trocheck wins face-off versus Aleksander Barkov in Checkers zone.
1:24 of 1st overtime period - Snap shot by Vincent Trocheck.
1:24 of 1st overtime period - Shot Misses the Net.
1:42 of 1st overtime period - Wrist shot by Michael Latta.
1:42 of 1st overtime period - Stopped by Marek Mazanek without a rebound.
1:43 of 1st overtime period - Vincent Trocheck wins face-off versus Aleksander Barkov in Eagles zone.
1:48 of 1st overtime period - Jonathan Huberdeau is hit by Stefan Elliott and loses puck.
2:03 of 1st overtime period - Michal Jordan is hit by Stefan Elliott.
2:04 of 1st overtime period - Michal Jordan from Checkers is injured at 2:04 of 1st overtime period (Bruised Left Arm).
2:05 of 1st overtime period - Vincent Trocheck wins face-off versus Aleksander Barkov in Checkers zone.
2:48 of 1st overtime period - Snap shot by Ryan Murphy.
2:48 of 1st overtime period - Shot Misses the Net.
2:54 of 1st overtime period - Mark Mancari is hit by Markus Nutivaara and loses puck.
3:51 of 1st overtime period - Snap shot by Mark Mancari.
3:51 of 1st overtime period - Stopped by Igor Bobkov without a rebound.
3:52 of 1st overtime period - Erik Condra wins face-off versus Michael Latta in Checkers zone.
4:41 of 1st overtime period - Slapshot by Jared McCann.
4:41 of 1st overtime period - Shot Misses the Net.
Goals for this period are 0 for Checkers vs 0 for Eagles.
Shots for this period are 1 for Checkers vs 4 for Eagles.
ShootOut
5:00 of 1st overtime period - Round #1.
5:00 of 1st overtime period - Checkers, Aleksander Barkov.
5:00 of 1st overtime period - Wrist shot by Aleksander Barkov.
5:00 of 1st overtime period - Shot Misses the Net.
5:00 of 1st overtime period - Eagles, Vincent Trocheck.
5:00 of 1st overtime period - Snap shot by Vincent Trocheck.
5:00 of 1st overtime period - Goal by Vincent Trocheck.
5:00 of 1st overtime period - Round #2.
5:00 of 1st overtime period - Checkers, Tobias Rieder.
5:00 of 1st overtime period - Deke by Tobias Rieder.
5:00 of 1st overtime period - Stopped by Marek Mazanek.
5:00 of 1st overtime period - Eagles, Daniel Carr.
5:00 of 1st overtime period - Deke by Daniel Carr.
5:00 of 1st overtime period - Stopped by Igor Bobkov.
5:00 of 1st overtime period - Round #3.
5:00 of 1st overtime period - Checkers, Jonathan Huberdeau.
5:00 of 1st overtime period - Snap shot by Jonathan Huberdeau.
5:00 of 1st overtime period - Goal by Jonathan Huberdeau.
5:00 of 1st overtime period - Eagles, Mark Mancari.
5:00 of 1st overtime period - Backhand shot by Mark Mancari.
5:00 of 1st overtime period - Stopped by Igor Bobkov.
5:00 of 1st overtime period - Round #4.
5:00 of 1st overtime period - Checkers, Michael Latta.
5:00 of 1st overtime period - Snap shot by Michael Latta.
5:00 of 1st overtime period - Stopped by Marek Mazanek.
5:00 of 1st overtime period - Eagles, Erik Condra.
5:00 of 1st overtime period - Snap shot by Erik Condra.
5:00 of 1st overtime period - Stopped by Igor Bobkov.
5:00 of 1st overtime period - Round #5.
5:00 of 1st overtime period - Checkers, Kerby Rychel.
5:00 of 1st overtime period - Backhand shot by Kerby Rychel.
5:00 of 1st overtime period - Goal by Kerby Rychel.
5:00 of 1st overtime period - Eagles, Jonathan Marchessault.
5:00 of 1st overtime period - Deke by Jonathan Marchessault.
5:00 of 1st overtime period - Stopped by Igor Bobkov.